Map: [ESL] Babylon

Players

Cow (PiG)

  • Race: Terran Terran
  • League: Grandmaster
  • Spawn Location: 11:00

Storm - Winner!

  • Race: Protoss Protoss
  • League: Gold
  • Spawn Location: 5:00

VOD

https://www.youtube.com/playlist?list=PLOrKQEirgvjBrkg_LERyoNc_WYX2C2tgI

Description

Time

  • Played on: July 11, 2023, 6:30 p.m.
  • Length: 13:20
Show
View Real Time Build Order
Export as new Build Order

Cow Terran 

Build Orders:  

Get SALT Encoding   

  12  0:00  SCV  
  13  0:12  SCV  
  14  0:19  Supply Depot  
  14  0:25  SCV  
  15  0:40  SCV  
  16  0:44  Barracks  
  16  0:47  Refinery  
  16  0:58  SCV  
  17  1:10  SCV  
  18  1:22  SCV  
  19  1:33  Barracks Reactor  
  19  1:35  Orbital Command  
  19  1:47  Command Center  
  19  2:05  SCV  
  20  2:13  Supply Depot  
  20  2:17  SCV  
  20  2:18  Marine x2  
  23  2:35  SCV  
  24  2:41  Factory  
  24  2:47  Refinery  
  24  2:48  SCV  
  24  2:50  Marine x2  
  27  3:01  SCV  
  27  3:04  Orbital Command  
  28  3:07  Marine  
  28  3:08  Marine  
  30  3:13  SCV  
  31  3:25  Marine x2, SCV  
  34  3:30  Starport  
  34  3:31  Factory Tech Lab  
  34  3:48  SCV x2  
  36  4:00  SCV x2  
  38  4:06  Supply Depot  
  38  4:07  Supply Depot  
  38  4:08  Marine x2  
  40  4:10  Siege Tank  
  40  4:12  Viking, SCV  
  46  4:27  Marine x2  
  46  4:28  SCV x2  
  45  5:01  SCV x2  
  47  5:13  SCV x2  
  49  5:16  Starport Reactor  
  49  5:25  Barracks, SCV  
  49  5:26  Barracks x2, SCV  
  51  5:31  Barracks  
  51  5:38  SCV x2  
  46  6:09  SCV x2  
  48  6:12  Marine x2  
  48  6:14  Medivac, Siege Tank  
  48  6:15  Medivac  
  57  6:21  SCV  
  57  6:22  SCV  
  59  6:30  Marine x2  
  61  6:33  SCV  
  62  6:53  SCV  
  62  6:56  SCV  
  62  7:05  Supply Depot  
  62  7:09  Supply Depot  
  62  7:11  Barracks Tech Lab x2  
  62  7:12  Barracks Reactor x2  
  62  7:16  Engineering Bay  
  62  7:20  Refinery  
  62  7:22  Refinery  
  62  7:26  Marine x2  
  62  7:27  Medivac, Siege Tank, SCV  
  70  7:30  Medivac, SCV  
  70  7:37  Stimpack, Combat Shield  
  73  7:40  Marauder x2  
  73  7:42  SCV  
  78  7:47  Terran Infantry Weapons Level 1  
  78  7:56  Missile Turret  
  78  7:58  Missile Turret  
  78  8:20  Marine x6  
  78  8:21  Marine, Marauder  
  78  8:24  Supply Depot  
  78  8:25  Supply Depot  
  87  8:27  Siege Tank  
  87  8:28  Medivac x2  
  94  8:38  Marine x7  
  94  8:39  SCV x2  
  103  8:42  Marine  
  103  8:47  Supply Depot x2  
  104  8:51  SCV x2  
  106  8:56  Marine x2, Marauder  
  110  9:03  SCV  
  110  9:04  SCV  
  112  9:15  SCV  
  113  9:41  Marauder  
  113  9:42  Marauder, Marine x6  
  113  9:44  Medivac, Siege Tank  
  113  9:45  Medivac  
  130  9:59  Supply Depot  
  130  10:00  Marine x5  
  130  10:02  Supply Depot  
  130  10:03  Marauder x2  
  139  10:11  Concussive Shells  
  139  10:14  Medivac  
  141  10:21  Siege Tank  
  141  10:23  Supply Depot  
  141  10:24  Marauder x2  
  141  10:25  Supply Depot  
  148  10:46  Marauder  
  150  10:53  Siege Tank  
  87  11:26  Marauder x2  
  87  11:30  Marine x6  
  84  11:47  Marauder x2  
  84  11:48  Marine x6  
  94  11:59  Widow Mine x2  
  98  12:03  Starport Reactor  
  98  12:05  Marine  
  98  12:06  Marine x5  
  104  12:09  Marauder x2  
  108  12:20  Widow Mine x2  
  112  12:23  Marine x6  
  118  12:30  Marauder x2  
  118  12:42  Widow Mine x2  
  75  12:51  Marauder  
  75  12:52  Marauder  
  65  12:59  Marine x6  
Show
View Real Time Build Order
Export as new Build Order

Storm Protoss - Winner!

Build Orders: Oracle Opening 

Get SALT Encoding   

  12  0:00  Probe  
  13  0:12  Probe  
  14  0:23  Pylon  
  14  0:28  Probe  
  15  0:41  Probe  
  16  0:43  Gateway  
  16  0:51  Assimilator  
  16  0:53  Probe  
  17  1:05  Probe  
  18  1:18  Probe  
  19  1:31  Cybernetics Core, Probe  
  20  2:03  Nexus  
  20  2:12  Assimilator  
  20  2:22  Pylon  
  20  2:24  Pylon  
  20  2:26  Probe  
  21  2:34  Gateway  
  21  2:35  Warp Gate (Chrono Boost)  
  21  2:36  Zealot  
  23  2:45  Probe  
  23  2:50  Gateway  
  24  2:57  Probe  
  25  3:10  Stargate  
  26  3:15  Probe (Chrono Boost)  
  26  3:17  Probe (Chrono Boost)  
  29  3:27  Probe (Chrono Boost)  
  29  3:29  Probe (Chrono Boost)  
  29  3:32  Probe (Chrono Boost)  
  30  3:35  Shield Battery  
  30  3:36  Probe  
  31  3:43  Probe  
  31  3:44  Stalker  
  31  3:45  Stalker  
  36  3:48  Probe  
  37  3:55  Probe  
  37  3:57  Oracle (Chrono Boost)  
  37  4:01  Pylon, Probe  
  42  4:08  Probe  
  43  4:11  Pylon  
  43  4:13  Probe  
  44  4:17  Twilight Council  
  44  4:20  Probe  
  45  4:25  Probe  
  46  4:31  Assimilator  
  46  4:33  Assimilator, Probe  
  47  4:44  Probe  
  48  4:45  Probe  
  49  4:57  Probe  
  49  4:58  Probe  
  49  4:59  Oracle  
  54  5:09  Probe  
  54  5:10  Probe  
  54  5:11  Pylon  
  56  5:15  Forge  
  56  5:21  Probe  
  57  5:24  Probe  
  58  5:33  Probe  
  59  5:36  Oracle, Probe  
  63  5:42  Nexus  
  63  5:45  Pylon  
  63  6:03  Probe  
  65  6:04  Probe  
  65  6:07  Charge  
  65  6:10  Protoss Ground Weapons Level 1 (Chrono Boost)  
  65  6:15  Gateway  
  65  6:16  Probe  
  65  6:17  Gateway  
  65  6:18  Gateway  
  66  6:19  Gateway  
  66  6:39  Stalker  
  68  6:40  Stalker x2  
  69  7:12  Zealot x4  
  77  7:20  Probe (Chrono Boost)  
  77  7:21  Probe (Chrono Boost)  
  77  7:22  Probe (Chrono Boost)  
  80  7:29  Oracle  
  85  7:30  Probe x2 (Chrono Boost)  
  85  7:31  Probe (Chrono Boost)  
  85  7:35  Probe x3 (Chrono Boost)  
  89  7:46  Probe  
  89  7:47  Probe x2  
  92  7:56  Forge  
  92  7:59  Protoss Ground Armor Level 1 (Chrono Boost), Probe x3  
  92  8:01  Zealot x2  
  92  8:02  Zealot  
  101  8:08  Pylon  
  101  8:10  Pylon  
  101  8:12  Pylon  
  101  8:14  Pylon  
  101  8:16  Pylon  
  101  8:17  Pylon  
  101  8:18  Pylon  
  101  8:26  Oracle, Probe x2  
  106  8:27  Stargate  
  106  8:40  Zealot x3  
  106  8:41  Zealot x4  
  120  8:50  Robotics Facility  
  120  8:53  Gateway  
  120  8:55  Gateway  
  120  8:58  Gateway  
  120  9:00  Gateway, Protoss Ground Weapons Level 2 (Chrono Boost)  
  120  9:03  Oracle, Assimilator  
  120  9:05  Assimilator  
  123  9:16  Templar Archives  
  123  9:21  Oracle  
  123  9:23  Pylon  
  126  9:24  Pylon  
  126  9:27  Pylon  
  126  9:31  Pylon  
  130  9:45  Immortal  
  130  9:48  Psionic Storm  
  130  9:52  Protoss Ground Armor Level 2 (Chrono Boost)  
  130  9:54  Robotics Bay  
  130  10:01  Zealot x5  
  130  10:02  Zealot x6  
  140  10:28  Zealot  
  140  10:29  Zealot x10  
  158  10:52  High Templar x9  
  120  11:19  Archon  
  120  11:20  Archon x3  
  120  11:23  Zealot x6  
  120  11:24  Zealot x2  
  120  11:40  High Templar x3  
  120  11:46  Colossus (Chrono Boost)  
  132  12:00  Zealot x8  
  116  12:51  Archon  
  116  12:52  Archon  
  116  12:57  Zealot x6  
  116  12:58  Zealot x5  
Tags
 
Add a new tag
Caveats
  • Supply blocks, unpowered buildings, or Contaminate may cause inaccurate times.
  • Supply counts are checked every 10 seconds.